 Dungeon Crawl Stone Soup version 0.19.0 (webtiles) character file.

44 CanadianGator the Cutter (level 3, 0/24 HPs)
             Began as a Kobold Berserker on Nov 23, 2016.
             Was a Believer of Trog.
             Slain by an adder (4 damage)
             ... on level 2 of the Dungeon.
             The game lasted 00:04:01 (1184 turns).

CanadianGator the Cutter (Kobold Berserker)         Turns: 1184, Time: 00:04:01

Health: 0/24       AC:  3    Str: 14    XL:     3   Next: 87%
Magic:  3/3        EV: 15    Int:  8    God:    Trog [**....]
Gold:   39         SH:  0    Dex: 15    Spells: 0 memorised, 2 levels left

rFire  . . .     SeeInvis .     d - +0 dagger
rCold  . . .     Gourm    .     j - +0 leather armour
rNeg   . . .     Faith    .     (shield restricted)
rPois  .         Spirit   .     (no helmet)
rElec  .         Reflect  .     (no cloak)
rCorr  .         Harm     .     (no gloves)
MR     .....                    (no boots)
Stlth  ++........               (no amulet)
                                (no ring)
                                (no ring)

@: exhausted, slowed, very slow
A: carnivore 3
a: Berserk, Trog's Hand, Burn Spellbooks, Renounce Religion


You were on level 2 of the Dungeon.
You worshipped Trog.
Trog was pleased with you.
You were very full.

You visited 1 branch of the dungeon, and saw 2 of its levels.

You collected 39 gold pieces.

Inventory:

Hand Weapons
 a - a +0 short sword
 d - a +0 dagger (weapon)
Missiles
 f - 20 bolts
Armour
 j - a +0 leather armour (worn)
Scrolls
 g - a scroll of recharging {unknown}
 h - a scroll of remove curse {unknown}
 k - 3 scrolls of identify {unknown}
Potions
 b - a potion of brilliance {unknown}
 e - a potion of curing {unknown}
 i - a potion of beneficial mutation {unknown}
Comestibles
 c - 2 meat rations
 l - 4 chunks of flesh


   Skills:
 + Level 3.8 Fighting
 * Level 4.5 Short Blades
 + Level 1.7 Armour
 * Level 3.3 Dodging
 * Level 1.1 Stealth


You had 2 spell levels left.
You didn't know any spells.

Dungeon Overview and Level Annotations

Branches:
Dungeon (2/15)

Altars:

Annotations:
D:2 Robin


Innate Abilities, Weirdness & Mutations

You are small and have problems with some larger weapons.
You are carnivorous and can eat meat at any time.


Message History

The quokka bites you but does no damage.
An adder comes into view.
The rat closely misses you. The adder misses you.
The rat bites you but does no damage. The adder bites you.
The quokka closely misses you. The adder barely misses you.
The goblin barely misses you. The goblin hits you but does no damage.
The adder bites you but does no damage. Robin throws the goblin at you!
The adder misses you. The goblin barely misses you.
The adder closely misses you. The goblin hits you with a club.
The goblin misses you. The quokka misses you.
The goblin hits you with a dagger.
* * * LOW HITPOINT WARNING * * *
The quokka closely misses you. The adder misses you.
Robin throws the goblin at you! The quokka barely misses you.
You hit the goblin but do no damage. The adder misses you.
The goblin barely misses you. The goblin hits you with a dagger.
* * * LOW HITPOINT WARNING * * *
The quokka closely misses you. The adder bites you.
You die...

.. # ##
#####.####(.. #
#.........#.###
#.#.##..........
.......<..#.#####
.....##.#........
## #..g.......####.
#..#rr#....))......
#.g@Sgg....)......
#.#g.###.<........
.. #....##...>.....
## ##..............
###.#.....#####
...#..#..# ##
##..#... #..#.###
......


You could see Robin, an adder, a quokka, 2 hobgoblins, 2 goblins and a rat.

Vanquished Creatures
  2 dart slugs (D:1)
  A ball python (D:1)
  A giant cockroach (D:1)
  9 goblins
  7 hobgoblins
  3 jackals (D:1)
  2 kobolds (D:1)
  5 bats (D:1)
  2 frilled lizards (D:1)
  A rat (D:1)
33 creatures vanquished.

Vanquished Creatures (others)
  5 toadstools (D:1)
5 creatures vanquished.

Grand Total: 38 creatures vanquished

Notes
Turn   | Place    | Note
-------+----------+-------------------------------------------
     0 | D:1      | CanadianGator the Kobold Berserker began the quest for the Orb.
     0 | D:1      | Reached XP level 1. HP: 14/14 MP: 1/1
   425 | D:1      | Reached XP level 2. HP: 19/19 MP: 2/2
   711 | D:1      | Reached XP level 3. HP: 18/24 MP: 3/3
   743 | D:1      | Reached ** piety under Trog
   953 | D:1      | Reached skill level 1 in Stealth
  1165 | D:2      | Noticed Robin
  1184 | D:2      | Slain by an adder

Skill      XL: |  1  2  3 |
---------------+----------+-----
Dodging        | 3 |  3.3
Stealth        | 1 |  1.1
Fighting       | |  3.8
Short Blades   | |  4.5
Armour         | |  1.7

Action                   || total
-------------------------++-------
Melee: Short sword       ||    55
       Dagger            ||    81
Invok: Berserk           ||     2
 Stab: Sleeping          ||     1
  Eat: Chunk             ||    10
Armor: Animal skin       ||     5
       Leather armour    ||    20
Dodge: Dodged            ||   136
